Map: Frostline LE

Players

Kaxolix

  • Race: Terran Terran
  • Spawn Location: 7:00

A.I. 1 (Elite) - Winner!

  • Race: Zerg Zerg
  • Spawn Location: 1:00

VOD

Have the link to the VOD?

Description

Time

  • Played on: April 18, 2025, 2:36 p.m.
  • Length: 17:22
Show
View Real Time Build Order
Export as new Build Order

Kaxolix Terran 

Build Orders: Mech 

Get SALT Encoding   

  12  0:00  SCV  
  13  0:12  SCV  
  14  0:15  Refinery  
  14  0:24  Supply Depot  
  14  0:28  SCV  
  15  0:47  Barracks  
  15  0:51  SCV  
  16  1:00  Barracks  
  16  1:05  SCV  
  17  1:17  SCV  
  18  1:29  SCV  
  18  1:32  Refinery  
  19  1:33  Barracks Reactor  
  19  1:41  SCV  
  20  1:47  Barracks Tech Lab  
  20  1:57  Orbital Command  
  20  2:04  Factory  
  20  2:10  Reaper  
  20  2:11  Reaper  
  22  2:22  Supply Depot  
  22  2:25  SCV  
  23  2:41  Supply Depot  
  23  2:44  Marauder, SCV  
  26  2:53  Reaper x2  
  26  2:57  Hellion  
  30  3:18  Hellion  
  34  3:41  Hellion  
  34  3:43  Marine x2  
  34  3:44  Marauder  
  38  3:49  Starport  
  38  3:57  Command Center  
  38  4:00  Barracks  
  38  4:02  SCV  
  39  4:21  Factory Tech Lab  
  39  4:28  Supply Depot  
  39  4:31  Supply Depot  
  39  4:34  Starport Reactor  
  39  4:50  Marine x2, SCV, Marauder  
  41  5:02  SCV  
  41  5:05  Barracks Reactor  
  42  5:07  Marine x2  
  42  5:12  Marauder  
  46  5:14  SCV x2  
  48  5:26  SCV  
  46  5:30  SCV  
  47  5:36  Refinery, Marine x2  
  47  5:38  Marauder  
  47  5:41  Refinery  
  51  5:45  Factory  
  51  5:47  Factory  
  51  5:48  Siege Tank  
  54  5:54  Medivac x2  
  54  5:55  Marine x2  
  60  6:04  Orbital Command  
  60  6:12  Stimpack  
  60  6:19  Starport  
  60  6:23  Engineering Bay  
  60  6:29  Engineering Bay  
  60  6:35  SCV  
  60  6:36  SCV  
  62  6:41  Factory Tech Lab x2  
  62  6:42  Marine x3  
  62  6:45  Marine  
  66  7:12  Siege Tank  
  69  7:16  Supply Depot x2  
  69  7:23  SCV  
  69  7:28  Supply Depot  
  70  7:30  Supply Depot  
  70  7:33  Starport Reactor  
  70  7:38  Medivac, Siege Tank x2, SCV x2  
  70  7:40  Medivac  
  70  7:42  Marine x4  
  86  7:49  Marine  
  86  7:50  SCV  
  88  7:52  Combat Shield  
  88  7:56  SCV  
  89  8:02  SCV  
  90  8:08  SCV  
  91  8:27  Sensor Tower  
  91  8:31  Marine  
  91  8:32  Marine x4  
  96  8:35  Siege Tank  
  96  8:37  SCV x2  
  101  8:46  Command Center  
  101  8:52  Sensor Tower  
  101  9:00  SCV  
  102  9:11  Terran Infantry Weapons Level 1  
  102  9:14  Marine  
  102  9:19  Sensor Tower  
  102  9:29  Supply Depot  
  102  9:30  Supply Depot  
  102  9:31  Supply Depot  
  102  9:36  Supply Depot x2  
  102  9:41  Supply Depot  
  102  9:50  Marine  
  102  9:51  Medivac x2, Marine x3, Siege Tank, SCV x2  
  118  10:03  SCV x2  
  118  10:04  Bunker  
  118  10:06  Bunker  
  120  10:13  Siege Tank  
  98  10:34  Medivac x2  
  98  10:35  Medivac x2  
  96  10:39  Marine x5  
  101  10:48  SCV x2  
  103  10:56  Siege Tank x2  
  103  10:57  Marine x4, Siege Tank  
  112  11:00  SCV x2  
  118  11:04  Medivac x2  
  122  11:12  Armory, SCV  
  122  11:13  Terran Infantry Armor Level 1  
  124  11:19  Orbital Command  
  124  11:20  SCV  
  124  11:24  SCV  
  116  11:56  Medivac x4  
  116  11:57  Marine  
  116  11:58  Marine x4  
  116  11:59  Siege Tank x2  
  99  12:15  Marine, Barracks  
  84  12:16  Marine x4  
  84  12:17  Barracks  
  84  12:20  Barracks  
  84  12:21  Refinery  
  81  12:23  Barracks  
  81  12:26  Siege Tank  
  84  12:31  Siege Tank  
  87  12:38  Command Center  
  87  12:43  Refinery, Bunker  
  87  12:46  SCV x2  
  87  12:47  SCV  
  87  12:50  Siege Tank  
  93  12:53  Marine x5  
  98  12:58  SCV  
  98  12:59  SCV x2  
  98  13:02  Barracks Reactor  
  98  13:04  Barracks Reactor  
  101  13:09  Barracks Reactor x2  
  101  13:11  Marine  
  102  13:31  Medivac x2  
  102  13:32  Medivac  
  102  13:33  Medivac  
  110  13:38  Marine x4  
  110  13:39  Marine x3  
  116  13:51  Marine x6  
  116  13:53  Terran Infantry Weapons Level 2, Terran Infantry Armor Level 2  
  122  13:56  Marine x5, Siege Tank x3  
  122  13:57  Marine  
  122  14:00  Marine  
  138  14:17  SCV x4  
  139  14:29  SCV  
  139  14:30  Marine  
  128  14:44  Marine x4  
  128  14:45  Marine  
  132  14:46  Barracks Tech Lab x2  
  132  14:47  Medivac x4  
  132  14:48  Siege Tank  
  143  15:22  Refinery  
  143  15:26  Marine x7, Refinery  
  143  15:28  Marauder x3  
  102  15:49  Marauder x3, Marine  
  109  16:10  Marauder  
  109  16:11  Marauder x2  
  115  16:13  Orbital Command  
  115  16:14  Barracks Tech Lab  
  115  16:15  Barracks Tech Lab  
  115  16:17  Marine x4  
  119  16:21  Medivac x4  
  127  16:30  Sensor Tower  
  127  16:32  Marauder x2, Marine  
  132  16:35  Sensor Tower  
  132  16:37  Bunker  
  132  16:40  Siege Tank  
Show
View Real Time Build Order
Export as new Build Order

A.I. 1 (Elite) Zerg - Winner!

Build Orders: Pool First 

Get SALT Encoding   

  12  0:00  Drone  
  13  0:12  Overlord  
  13  0:16  Drone  
  14  0:30  Drone x2  
  14  0:34  Drone  
  17  0:48  Spawning Pool  
  17  0:49  Drone  
  17  1:10  Hatchery  
  16  1:11  Drone  
  16  1:15  Extractor  
  16  1:18  Drone  
  17  1:21  Drone  
  18  1:28  Drone  
  19  1:38  Overlord  
  19  1:46  Queen  
  21  1:50  Zergling x2  
  22  2:00  Drone  
  23  2:12  Drone  
  24  2:21  Drone  
  24  2:22  Queen  
  27  2:31  Roach Warren  
  27  2:34  Drone  
  27  2:36  Drone  
  28  2:39  Zergling x2  
  28  2:43  Zergling x2  
  30  2:48  Overlord  
  30  2:53  Drone  
  30  2:54  Drone  
  32  3:02  Drone x2, Zergling x2  
  34  3:13  Roach x2  
  34  3:15  Roach  
  34  3:17  Roach  
  42  3:25  Zergling x2  
  42  3:26  Overlord  
  42  3:28  Drone, Zergling x2  
  42  3:31  Drone  
  44  3:35  Overlord  
  44  3:40  Drone  
  44  3:42  Overlord  
  44  3:46  Roach  
  46  3:49  Roach  
  46  3:52  Roach  
  52  3:55  Roach  
  52  3:59  Roach  
  52  4:02  Roach  
  56  4:04  Roach  
  56  4:08  Roach  
  61  4:10  Drone  
  61  4:11  Drone  
  61  4:13  Drone  
  61  4:15  Drone  
  64  4:18  Extractor  
  64  4:20  Drone  
  64  4:24  Overlord  
  64  4:29  Overlord  
  64  4:31  Drone  
  65  4:32  Drone  
  65  4:34  Drone  
  65  4:36  Drone  
  68  4:43  Roach x2  
  68  4:45  Roach  
  74  4:47  Roach  
  74  4:51  Overlord  
  75  4:54  Zergling x2  
  75  4:56  Drone  
  75  4:59  Drone  
  79  5:00  Drone  
  79  5:01  Drone  
  79  5:04  Overlord  
  80  5:09  Lair  
  80  5:12  Roach  
  82  5:15  Roach  
  82  5:17  Roach  
  82  5:20  Roach  
  87  5:35  Overlord  
  87  5:37  Drone  
  87  5:38  Drone  
  87  5:41  Drone  
  87  5:42  Drone  
  91  5:44  Drone  
  91  5:46  Drone  
  91  5:47  Drone  
  94  5:53  Overlord  
  94  5:54  Extractor  
  93  6:01  Extractor, Drone  
  93  6:10  Hydralisk Den  
  93  6:11  Infestation Pit, Drone  
  93  6:12  Drone  
  93  6:16  Evolution Chamber, Drone x3  
  95  6:21  Hatchery  
  95  6:22  Drone  
  95  6:24  Drone x2  
  97  6:26  Drone  
  98  6:39  Evolution Chamber, Drone  
  98  6:40  Hydralisk x2  
  98  6:41  Overlord  
  98  6:43  Zerg Missile Weapons Level 1  
  102  6:48  Infestor  
  102  6:51  Infestor  
  106  7:05  Zerg Ground Armor Level 1  
  106  7:09  Drone, Spine Crawler  
  106  7:14  Spine Crawler  
  105  7:16  Ravager  
  106  7:24  Ravager  
  106  7:28  Hydralisk  
  109  7:32  Hydralisk  
  109  7:33  Overlord, Queen, Drone  
  109  7:34  Drone x5  
  109  7:35  Drone x3  
  109  7:36  Drone  
  123  7:39  Drone x3  
  123  7:43  Drone x3, Overseer  
  123  7:44  Drone  
  130  7:47  Extractor, Drone  
  130  7:51  Drone  
  131  7:54  Overlord  
  131  7:55  Drone  
  131  7:56  Glial Reconstitution  
  131  7:58  Infestor  
  134  8:08  Extractor  
  134  8:09  Drone x3  
  134  8:10  Drone  
  134  8:12  Overlord, Infestor  
  139  8:18  Spore Crawler, Drone  
  139  8:20  Spore Crawler  
  139  8:22  Neural Parasite, Drone  
  139  8:29  Pneumatized Carapace, Spine Crawler  
  139  8:30  Overlord, Drone x3  
  139  8:31  Drone  
  142  8:39  Zergling x2  
  142  8:40  Zergling x2  
  143  8:48  Hydralisk  
  143  8:49  Overlord  
  143  8:51  Hydralisk  
  147  8:56  Hatchery  
  147  9:00  Lurker Den  
  147  9:01  Drone  
  147  9:02  Zerg Missile Weapons Level 2  
  146  9:08  Spine Crawler  
  145  9:16  Zerg Ground Armor Level 2  
  145  9:18  Spine Crawler  
  145  9:19  Drone  
  145  9:20  Queen, Burrow  
  145  9:21  Spore Crawler  
  145  9:22  Drone  
  147  9:24  Ravager  
  147  9:28  Overlord, Ravager  
  149  9:33  Zergling x4  
  149  9:35  Evolution Chamber  
  150  9:43  Spine Crawler  
  150  9:44  Metabolic Boost, Drone  
  150  9:46  Drone, Spine Crawler  
  150  9:47  Spine Crawler  
  150  9:48  Drone  
  150  9:51  Zergling x2  
  150  9:52  Zergling x2  
  152  9:57  Overseer  
  152  10:00  Zerg Melee Weapons Level 1  
  152  10:06  Overlord, Overseer, Zergling x2  
  153  10:09  Drone x3  
  156  10:14  Zergling x2  
  156  10:16  Zergling x2  
  156  10:19  Extractor  
  156  10:20  Drone, Zergling x4  
  156  10:21  Roach, Zergling x2  
  147  10:22  Baneling Nest, Roach  
  147  10:23  Hatchery, Drone  
  147  10:24  Extractor, Drone, Roach x2  
  147  10:25  Roach, Drone  
  147  10:26  Roach x2  
  147  10:28  Roach, Spore Crawler  
  130  10:29  Drone  
  130  10:30  Roach, Spore Crawler  
  130  10:32  Hydralisk, Spine Crawler  
  130  10:33  Hive  
  130  10:34  Hydralisk  
  113  10:36  Drone  
  113  10:37  Drone  
  113  10:42  Infestor  
  117  10:44  Roach  
  119  10:53  Infestor  
  119  10:57  Ravager  
  122  10:58  Roach  
  122  11:01  Ravager  
  122  11:03  Roach  
  127  11:04  Hydralisk  
  127  11:05  Zergling x2, Baneling  
  127  11:06  Baneling  
  127  11:07  Zergling x2, Baneling  
  127  11:09  Baneling x2  
  127  11:10  Zergling x2  
  127  11:11  Baneling  
  132  11:12  Zergling x2, Baneling  
  132  11:13  Baneling  
  132  11:15  Roach, Baneling x2, Zergling x2  
  132  11:16  Zergling x2, Baneling  
  132  11:18  Baneling  
  135  11:19  Zergling x2, Baneling  
  135  11:20  Baneling  
  135  11:22  Zergling x2, Baneling  
  135  11:23  Baneling  
  137  11:27  Centrifugal Hooks  
  137  11:29  Hydralisk, Queen  
  137  11:30  Zergling x2, Infestor  
  139  11:33  Zergling x2  
  139  11:34  Roach  
  139  11:35  Infestor  
  139  11:36  Roach, Zergling x2  
  139  11:37  Zergling x2  
  139  11:38  Zergling x2  
  139  11:39  Roach, Hydralisk  
  137  11:40  Zergling x2  
  137  11:42  Hydralisk, Drone  
  137  11:43  Drone x2  
  137  11:46  Drone  
  139  11:48  Extractor  
  139  11:49  Drone, Infestor  
  139  11:51  Roach x2  
  139  11:52  Roach  
  139  11:53  Roach, Hydralisk  
  147  11:55  Hydralisk, Zergling x2  
  147  11:56  Roach, Drone, Zergling x2  
  147  11:57  Zergling x2  
  147  11:58  Roach  
  147  11:59  Roach x2  
  147  12:00  Roach, Drone  
  147  12:01  Zergling x2  
  148  12:02  Zergling x2  
  148  12:04  Zergling x2  
  148  12:05  Zergling x2  
  148  12:06  Drone x2  
  137  12:09  Roach  
  137  12:11  Roach  
  137  12:12  Drone  
  137  12:14  Roach  
  139  12:16  Roach  
  139  12:19  Zerg Melee Weapons Level 2  
  141  12:24  Zerg Missile Weapons Level 3  
  141  12:30  Baneling x3  
  141  12:35  Spire  
  140  12:37  Drone  
  141  12:46  Zerg Ground Armor Level 3, Spine Crawler  
  141  12:47  Drone  
  141  12:50  Spine Crawler  
  141  12:51  Drone  
  141  12:52  Spine Crawler  
  141  12:53  Drone  
  141  12:56  Spine Crawler  
  141  12:58  Drone  
  141  13:00  Queen  
  141  13:03  Baneling x6, Viper  
  141  13:04  Zergling x2  
  147  13:06  Spore Crawler  
  147  13:07  Drone  
  147  13:09  Zergling x6  
  147  13:10  Zergling x2  
  151  13:17  Viper  
  151  13:19  Overseer  
  154  13:22  Zergling x2, Baneling x3  
  154  13:26  Queen  
  157  13:29  Spore Crawler  
  157  13:31  Drone  
  157  13:35  Spore Crawler  
  157  13:36  Zergling x2, Drone, Baneling  
  157  13:37  Spore Crawler  
  157  13:39  Drone  
  158  13:42  Ravager  
  158  13:43  Roach x2, Ravager  
  158  13:46  Drone, Spine Crawler  
  158  13:47  Mutalisk x2  
  158  13:48  Spine Crawler, Mutalisk  
  167  13:49  Overlord  
  167  13:51  Drone  
  167  13:53  Mutalisk  
  172  14:03  Mutalisk  
  172  14:05  Mutalisk  
  172  14:08  Overlord, Drone  
  176  14:10  Mutalisk  
  178  14:18  Zergling x6  
  178  14:19  Zergling x4  
  178  14:20  Zergling x2  
  178  14:23  Zergling x2  
  167  14:25  Zergling x4  
  167  14:26  Hatchery  
  167  14:27  Zergling x2  
  167  14:28  Roach  
  167  14:29  Roach  
  142  14:31  Roach  
  142  14:33  Hydralisk  
  142  14:35  Hydralisk  
  142  14:37  Hydralisk  
  124  14:39  Drone  
  124  14:40  Roach  
  124  14:42  Roach  
  124  14:44  Infestor  
  131  14:46  Infestor  
  131  14:48  Roach  
  131  14:49  Baneling x3  
  131  14:50  Roach, Zergling x2  
  131  14:51  Zergling x2, Baneling x5  
  139  14:53  Zergling x2  
  139  14:54  Zergling x2  
  139  14:55  Drone, Baneling  
  139  14:56  Baneling, Zergling x2  
  139  14:57  Zergling x2, Baneling  
  139  14:58  Baneling  
  139  14:59  Baneling  
  143  15:00  Zergling x2  
  143  15:01  Baneling  
  143  15:04  Ravager  
  143  15:05  Roach  
  145  15:10  Drone  
  145  15:12  Mutalisk  
  140  15:21  Drone  
  140  15:22  Drone x2  
  140  15:23  Drone  
  140  15:24  Drone  
  140  15:25  Drone  
  140  15:26  Drone  
  140  15:28  Drone  
  146  15:30  Drone  
  146  15:31  Zergling x2  
  146  15:32  Zergling x2  
  146  15:34  Zergling x2  
  146  15:35  Drone  
  133  15:37  Drone  
  134  15:43  Hatchery  
  134  15:44  Adrenal Glands  
  134  15:48  Baneling  
  134  15:49  Drone, Baneling  
  134  15:50  Zergling x2, Baneling  
  134  15:51  Zergling x2  
  134  15:53  Zergling x2  
  134  15:54  Zergling x2  
  134  15:56  Ravager, Zergling x2  
  140  15:58  Roach, Baneling  
  140  15:59  Baneling  
  140  16:00  Zergling x2  
  140  16:01  Baneling x2  
  140  16:02  Zergling x2  
  140  16:03  Baneling  
  140  16:04  Baneling  
  144  16:05  Zergling x2  
  144  16:06  Zergling x2  
  144  16:07  Baneling x2  
  144  16:08  Zergling x2  
  144  16:10  Baneling  
  147  16:13  Mutalisk  
  147  16:15  Zergling x2, Baneling  
  147  16:17  Mutalisk  
  152  16:18  Mutalisk  
  152  16:21  Roach  
  152  16:22  Hydralisk  
  152  16:25  Infestor  
  160  16:27  Infestor  
  160  16:28  Overseer  
  160  16:29  Viper  
  160  16:32  Viper  
  168  16:36  Ravager  
  168  16:38  Roach  
  168  16:39  Spore Crawler  
  170  16:40  Roach, Drone  
  170  16:43  Roach  
  170  16:44  Overlord  
  170  16:46  Roach  
  177  16:48  Roach  
  177  16:49  Ravager  
  177  16:50  Roach  
  177  16:51  Hydralisk  
  177  16:53  Hydralisk  
  183  17:08  Spine Crawler  
  183  17:09  Drone  
  183  17:10  Spine Crawler  
  183  17:12  Spore Crawler  
Tags
 
Composition
Mech
Matchup
TvZ
Opening
Pool First
Spawn Locations
Cross Positions
Add a new tag
Caveats
  • Supply blocks, unpowered buildings, or Contaminate may cause inaccurate times.
  • Supply counts are checked every 10 seconds.